 Dungeon Crawl Stone Soup version 0.26.0-10-g1f06aea511 (webtiles) character file.

Game seed: 4007243139311865768

95 Yuikono1 the Skirmisher (level 4, -6/30 HPs)
             Began as a Gargoyle Fighter on Jan 21, 2021.
             Was a Follower of Ashenzari.
             Killed by divine providence
             ... invoked by an orc priest
              (14 damage)
             ... on level 3 of the Dungeon.
             The game lasted 00:04:04 (1830 turns).

Yuikono1 the Skirmisher (Gargoyle Fighter)          Turns: 1830, Time: 00:04:05

Health: -6/30      AC: 13    Str: 20    XL:     4   Next: 65%
Magic:  4/4        EV:  5    Int:  8    God:    Ashenzari [*.....]
Gold:   137        SH:  9    Dex: 10    Spells: 3/3 levels left

rFire    . . .     SeeInvis .   a - +0 flail
rCold    . . .     Faith    .   c - +0 kite shield
rNeg     + . .     Spirit   .   u - +0 chain mail
rPois    ∞         Reflect  .   (no helmet)
rElec    +         Harm     .   (no cloak)
rCorr    .         Rampage  .   q - +0 pair of gloves
Will     .....                  (no boots)
Stlth    ..........             (no amulet)
HPRegen  0.10/turn              (no ring)
MPRegen  0.09/turn              (no ring)

@: no status effects
A: negative energy resistance 1, electricity resistance, unbreathing,
petrification resistance, miasma immunity, AC +3
a: Renounce Religion, Curse Item, Scrying


You were on level 3 of the Dungeon.
You worshipped Ashenzari.
Ashenzari was aware of your devotion.
You visited 1 branch of the dungeon, and saw 3 of its levels.

You collected 137 gold pieces.

Inventory:

Hand Weapons
 a - a +0 flail (weapon)
 p - a +0 hunting sling
Missiles
 e - 27 arrows
 f - 8 sling bullets
 g - 21 bolts
 j - 45 stones (quivered)
 v - 10 poisoned darts
Armour
 b - a +0 scale mail
 c - a +0 kite shield (worn)
 q - a +0 pair of gloves (worn)
 u - a +0 chain mail (worn)
 w - a +0 troll leather armour
Scrolls
 h - 6 scrolls of identify {unknown}
 k - a scroll of enchant weapon {unknown}
 l - 2 scrolls of teleportation {unknown}
 m - a scroll of remove curse
 o - a scroll of fog {unknown}
Potions
 d - a potion of might
 i - a potion of cancellation {unknown}
 n - 2 potions of attraction {unknown}
 r - a potion of curing {unknown}
 s - 2 potions of haste {unknown}
 t - 3 potions of berserk rage {unknown}


   Skills:
 + Level 4.7 Fighting
 + Level 3.5 Maces & Flails
 - Level 3.2 Armour
 - Level 3.2 Shields


You had 3 spell levels left.
You didn't know any spells.
Your spell library was empty.

Dungeon Overview and Level Annotations

Branches:
Dungeon (3/15)

Altars:
Ashenzari


Innate Abilities, Weirdness & Mutations

You are resistant to torment.
Your stone body is resilient. (AC +3)
You are immune to poison.
You resist negative energy. (rN+)
You are resistant to electric shocks. (rElec)
You can survive without breathing.
You are immune to petrification.
You are immune to miasma.


Message History

The orc priest hits you with a cursed +0 dagger.
You closely miss the orc priest.
The orc priest is heavily wounded.
The orc shouts!
The orc priest casts a cantrip, but nothing happens.
You barely miss the orc priest.
The orc priest is heavily wounded.
The orc priest hits you but does no damage.
An orc priest comes into view. It is wielding a +0 falchion.
You hit the orc priest but do no damage.
The orc priest is heavily wounded.
The orc priest mumbles some strange prayers to Beogh against you.
Beogh smites you!
* * * LOW HITPOINT WARNING * * *
You block the orc priest's attack.
The orc priest casts a cantrip, but nothing happens.
Items here: ! ) ? †.
The orc priest mumbles some strange prayers to Beogh against you.
Beogh smites you!
You die...

.. #.#
#.###..#.##### ..
#.#
#)............ ..
#.#
#####......... ..
..# ###.####...
#####..........
#..)...†####.##
#.###$#.# #.#.##
#<@).###.###
........#.ooo...#
......#...###.#.#
......##.## .....
...# ......####
..... ....


You could see 2 orc priests and an orc.

Vanquished Creatures
  2 adders (D:2)
  2 worms
  2 dart slugs (D:2)
  An orc (D:3)
  4 bats
  A giant cockroach (D:1)
  11 goblins
  13 hobgoblins
  7 jackals (D:1)
  7 kobolds
  A ball python (D:2)
  4 frilled lizards
  2 rats
57 creatures vanquished.

Notes
Turn   | Place    | Note
-------+----------+-------------------------------------------
     0 | D:1      | Yuikono1 the Gargoyle Fighter began the quest for the Orb.
     0 | D:1      | Reached XP level 1. HP: 14/14 MP: 1/1
   111 | D:1      | Found a broken altar of Ashenzari.
   117 | D:1      | Became a worshipper of Ashenzari the Shackled
   123 | D:1      | Reached XP level 2. HP: 15/19 MP: 2/2
   674 | D:1      | Reached XP level 3. HP: 24/24 MP: 3/3
   745 | D:1      | Reached skill level 4 in Fighting
  1136 | D:2      | Reached XP level 4. HP: 28/30 MP: 4/4
  1431 | D:2      | Found a faded altar of an unknown god.
  1449 | D:2      | Reached * piety under Ashenzari
  1830 | D:3      | Killed from afar by an orc priest

Illustrated notes

Levels and vault maps discovered:
D:1:      onia_arrival_mini_spirals, layout_basic, minmay_tree_intersection,
          evilmike_ruin_ashenzari
D:2:      cheibrodos_greedy_goblins, layout_basic,
          chequers_ecumenical_altar_simple_redux
D:3:      layout_loops_ring, uniq_ijyb, uniq_crazy_yiuf_cottage

Skill      XL: |  1  2  3 |
---------------+----------+-----
Fighting       | 4 |  4.7
Maces & Flails | 3 |  3.5
Armour         | |  3.2
Shields        | |  3.2

Action                   |  1- 3 |  4- 6 || total
-------------------------+-------+-------++-------
Melee: Flail             |   151 |    80 ||   231
Armor: Scale mail        |   121 |    21 ||   142
       Chain mail        |       |    12 ||    12
Dodge: Dodged            |    69 |    14 ||    83
Block: Kite shield       |   108 |    33 ||   141
